 Dungeon Crawl Stone Soup version 0.25-a0-185-g6cfeca75b2 (webtiles) character file.

Game seed: 6862423435044013124, levelgen mode: deterministic

205 sirdond the Cleaver (level 5, -1/45 HPs)
             Began as a Hill Orc Berserker on Nov 28, 2019.
             Was a Believer of Trog.
             Slain by an orc wizard
             ... wielding a +0 dagger
              (4 damage)
             ... on level 3 of the Dungeon.
             The game lasted 00:05:39 (2423 turns).

sirdond the Cleaver (Hill Orc Berserker)            Turns: 2423, Time: 00:05:40

Health: -1/45      AC: 12    Str: 21    XL:     5   Next: 83%
Magic:  5/5        EV: 10    Int:  7    God:    Trog [**....]
Gold:   106        SH:  0    Dex: 10    Spells: 4/4 levels left

rFire    . . .     SeeInvis .   a - +0 hand axe
rCold    . . .     Gourm    .   (no shield)
rNeg     . . .     Faith    .   p - +0 scale mail
rPois    .         Spirit   .   t - +0 helmet
rElec    .         Reflect  .   (no cloak)
rCorr    .         Harm     .   (no gloves)
MR       +....                  (no boots)
Stlth    ..........             (no amulet)
HPRegen  0.15/turn              e - +5 ring of protection
MPRegen  0.09/turn              (no ring)

@: lethally poisoned (-1 -> -4), berserk cooldown, slowed, invisible, very slow
A: magic resistance 1, screaming 1
a: Berserk, Trog's Hand, Renounce Religion


You were on level 3 of the Dungeon.
You worshipped Trog.
Trog was pleased with you.
You were very hungry.

You visited 1 branch of the dungeon, and saw 3 of its levels.

You collected 106 gold pieces.

Inventory:

Hand Weapons
 a - a +0 hand axe (weapon)
 g - a +0 hunting sling
Missiles
 j - a throwing net
 o - 4 poisoned darts (quivered)
Armour
 p - a +0 scale mail (worn)
 t - a +0 helmet (worn)
Jewellery
 e - a +5 ring of protection (left hand)
 m - a +3 amulet of reflection {unknown}
 q - an uncursed ring of flight {unknown}
Wands
 n - a wand of polymorph (7)
Scrolls
 b - a scroll of fog {unknown}
 h - 3 scrolls of enchant armour {unknown}
 k - a scroll of fear {unknown}
 l - 2 scrolls of remove curse {unknown}
 u - a scroll of identify {unknown}
 w - a scroll of enchant weapon {unknown}
Potions
 d - a potion of curing {unknown}
 f - a potion of mutation
 i - a potion of invisibility
 r - a potion of degeneration {unknown}
 s - a potion of berserk rage {unknown}
 v - a potion of cancellation {unknown}
Comestibles
 c - 9 rations
 x - 3 chunks of flesh


   Skills:
 - Level 3.6 Fighting
 + Level 8.3 Axes
 - Level 2.1 Armour
 - Level 1.5 Dodging


You had 4 spell levels left.
You didn't know any spells.
Your spell library was empty.

Dungeon Overview and Level Annotations

Branches:
Dungeon (3/15)

Altars:


Innate Abilities, Weirdness & Mutations

You are resistant to hostile enchantments. (MR+)
You occasionally shout uncontrollably at your foes.


Message History

The puff of flame hits you!
You hit something.
You feel sick.
Something hits you but does no damage. x2
You hit something but do no damage.
You hear some strange, mumbled words.
A magic dart appears from out of thin air!
The magic dart hits you. Something hits you but does no damage.
You miss something.
You feel sick. Something hits you but does no damage.
You hear some strange, mumbled words.
A puff of flame appears from out of thin air!
The puff of flame hits you!
* * * LOW HITPOINT WARNING * * *
It was a potion of mutation.
You feel extremely strange.
You feel the urge to shout.
You feel resistant to hostile enchantments.
You feel sick. Something hits you but does no damage. Something hits you.
* * * LOW HITPOINT WARNING * * *
It was a potion of invisibility.
You fade into invisibility!
Something hits you.
You die...

#..)# ...
##...#######.....# ..
..........##.#.#.## .
...............#... .
..........##...#..#.#
##...###### S....#.#
#...# # ......####
#...# #.##).......
#<÷<# #..{@# ##...#
#########.#####. ...).#
#........†.......
###.##
#.####..#.#..##..
###.####.####..#.......
#...........#..#....###
.......#.##.#..###.##
÷......#.##.#......#
..#.#..#.......#####


There were no monsters in sight!

Vanquished Creatures
  Ijyb (D:3)
  4 gnolls
  6 adders
  2 oozes (D:1)
  A dart slug (D:2)
  A leopard gecko (D:1)
  3 orcs (D:3)
  8 bats
  A giant cockroach (D:1)
  11 goblins
  2 hobgoblins
  11 jackals
  A quokka (D:2)
  3 ball pythons (D:1)
  A frilled lizard (D:2)
  5 kobolds
  A leopard gecko skeleton (D:3)
  6 rats
68 creatures vanquished.

Notes
Turn   | Place    | Note
-------+----------+-------------------------------------------
     0 | D:1      | sirdond the Hill Orc Berserker began the quest for the Orb.
     0 | D:1      | Reached XP level 1. HP: 19/19 MP: 1/1
    29 | D:1      | Reached XP level 2. HP: 26/26 MP: 2/2
   116 | D:1      | Reached skill level 5 in Axes
   429 | D:1      | Reached XP level 3. HP: 30/31 MP: 3/3
  1090 | D:2      | Reached skill level 6 in Axes
  1127 | D:2      | Reached XP level 4. HP: 30/39 MP: 4/4
  1196 | D:3      | Noticed Ijyb
  1200 | D:3      | Reached ** piety under Trog
  1205 | D:3      | Killed Ijyb
  1205 | D:3      | Reached skill level 7 in Axes
  1205 | D:3      | Reached XP level 5. HP: 45/45 MP: 5/5
  1815 | D:2      | Reached skill level 8 in Axes
  2422 | D:3      | Gained mutation: You occasionally shout uncontrollably at
                  | your foes. [potion of mutation]
  2422 | D:3      | Gained mutation: You are resistant to hostile enchantments.
                  | (MR+) [potion of mutation]
  2422 | D:3      | HP: 2/45 [something (4)]
  2423 | D:3      | Slain by an orc wizard

Levels and vault maps discovered:
D:1:      tarquinn_simple_flora_water_e, layout_basic
D:2:      layout_loops_corners
D:3:      layout_loops_cross, first_ration, uniq_sigmund, uniq_terence,
          uniq_ijyb

Skill      XL: |  1  2  3  4  5 |
---------------+----------------+-----
Axes           | 5 6 7 8 |  8.3
Fighting       | |  3.6
Armour         | |  2.1
Dodging        | |  1.5

Action                   |  1- 3 |  4- 6 || total
-------------------------+-------+-------++-------
Melee: Hand axe          |    83 |   167 ||   250
Throw: Dart              |       |     1 ||     1
       Throwing net      |       |     1 ||     1
Invok: Berserk           |     2 |     4 ||     6
  Use: Potion            |       |     2 ||     2
  Eat: Chunk             |     2 |     7 ||     9
Armor: Animal skin       |    27 |    12 ||    39
       Scale mail        |       |    78 ||    78
Dodge: Dodged            |    48 |   110 ||   158

Table legend:
 A = Non-vault XP
 B = Vault XP
 C = Vault XP percentage of total XP
 D = Non-vault monster count
 E = Vault monster count
 F = Vault count percentage of total count
                 A         B        C        D         E       F
            +---------+---------+-------+---------+---------+-------
      Total |     254 |      39 |  13.3 |      67 |       1 |   1.5
            +---------+---------+-------+---------+---------+-------
        D:1 |      50 |       0 |   0.0 |      23 |       0 |   0.0
        D:2 |     117 |       0 |   0.0 |      25 |       0 |   0.0
        D:3 |      87 |      39 |  31.0 |      19 |       1 |   5.0
            +---------+---------+-------+---------+---------+-------
